3AA
SAN ANTONIO BC @ RICHLAND RAILS
07/04/2034
 
TOP OF THE 1ST
San Antonio BC batting - Pitching for Richland Rails : LHP Feltse van Horssen
Pitching: LHP Feltse van Horssen
Batting: RHB Kenneth Noid 0-0: Called Strike
0-1: Ground out 6-3 (Groundball, 6)
Batting: RHB Tom Bancroft 0-0: Ground out 6-3 (Groundball, 6)
Batting: RHB Mike Howard 0-0: Called Strike
0-1: Ball
1-1: DOUBLE (Flyball, 78D)
Batting: RHB Silverberry Mouhon 0-0: Ball
1-0: Foul Ball, location: 2F
1-1: Foul Ball, location: 2F
1-2: Fly out, F7 (Flyball, 7S)
Top of the 1st over - 0 runs, 1 hit, 0 errors, 1 left on base; San Antonio 0 - Richland 0
BOTTOM OF THE 1ST
Richland Rails batting - Pitching for San Antonio BC : RHP Jackson Williams
Pitching: RHP Jackson Williams
Batting: LHB Júlio Madrid 0-0: Ball
1-0: Ball
2-0: Ball
3-0: Base on Balls
Batting: RHB Falco Opsteegh 0-0: Called Strike
0-1: Ball
1-1: Ball
2-1: Ball
3-1: Called Strike
3-2: Foul Ball, location: 2F
3-2: Strikes out swinging
Batting: RHB Carlos Muńóz 0-0: Called Strike
0-1: Grounds into double play, 6-4-3 (Groundball, 6)
Bottom of the 1st over - 0 runs, 0 hits, 0 errors, 0 left on base; San Antonio 0 - Richland 0
TOP OF THE 2ND
San Antonio BC batting - Pitching for Richland Rails : LHP Feltse van Horssen
Batting: RHB José Salinas 0-0: Called Strike
0-1: Foul Ball, location: 2F
0-2: Strikes out swinging, 2-3 out at first.
Batting: RHB Chet Mathis 0-0: Swinging Strike
0-1: Ball
1-1: Swinging Strike
1-2: Ball
2-2: Foul Ball, location: 2F
2-2: SINGLE (Line Drive, 8LS)
Batting: LHB Sidney Dollarhide 0-0: Ball
1-0: Ball
2-0: Foul Ball, location: 2F
2-1: Foul Ball, location: 2F
2-2: Foul Ball, location: 2F
2-2: Fly out, F5 (Popup, 5SF)
Batting: RHB Jesse Francis 0-0: Foul Ball, location: 2F
0-1: Ball
1-1: Foul Ball, location: 2F
1-2: Ball
2-2: Foul Ball, location: 2F
2-2: DOUBLE (Line Drive, 9LD)
Chet Mathis to third
Batting: LHB Pablo Morales 0-0: Foul Ball, location: 2F
0-1: Ball
1-1: Swinging Strike
1-2: Ball
2-2: Ball
3-2: Base on Balls
Batting: RHB Kenneth Noid 0-0: Called Strike
0-1: Swinging Strike
0-2: Ball
1-2: Strikes out swinging
Top of the 2nd over - 0 runs, 2 hits, 0 errors, 3 left on base; San Antonio 0 - Richland 0
BOTTOM OF THE 2ND
Richland Rails batting - Pitching for San Antonio BC : RHP Jackson Williams
Batting: RHB José Vargas 0-0: Fly out, F1 (Line Drive, 15)
Batting: LHB Jing-quo Sung 0-0: Foul Ball, location: 2F
0-1: Foul Ball, location: 2F
0-2: Strikes out swinging
Batting: RHB Manyara Akintola 0-0: Ball
1-0: Fly out, F8 (Flyball, 78M)
Bottom of the 2nd over - 0 runs, 0 hits, 0 errors, 0 left on base; San Antonio 0 - Richland 0
TOP OF THE 3RD
San Antonio BC batting - Pitching for Richland Rails : LHP Feltse van Horssen
Batting: RHB Tom Bancroft 0-0: Ball
1-0: Foul Ball, location: 2F
1-1: Fly out, F8 (Flyball, 8RM)
Batting: RHB Mike Howard 0-0: Ball
1-0: Called Strike
1-1: Foul Ball, location: 2F
1-2: Ball
2-2: Strikes out looking
Batting: RHB Silverberry Mouhon 0-0: Called Strike
0-1: Ball
1-1: Ball
2-1: Ball
3-1: Foul Ball, location: 2F
3-2: Foul Ball, location: 2F
3-2: Foul Ball, location: 2F
3-2: Base on Balls
Batting: RHB José Salinas 0-0: Ball
1-0: Foul Ball, location: 2F
1-1: Foul Ball, location: 2F
1-2: Ball
2-2: Ball
3-2: Fly out, F7 (Line Drive, 7)
Top of the 3rd over - 0 runs, 0 hits, 0 errors, 1 left on base; San Antonio 0 - Richland 0
BOTTOM OF THE 3RD
Richland Rails batting - Pitching for San Antonio BC : RHP Jackson Williams
Batting: RHB Kelyn Diallo 0-0: Ball
1-0: Fly out, F9 (Flyball, 9)
Batting: SHB Miguel González 0-0: Called Strike
0-1: Ground out 6-3 (Groundball, 6MD)
Batting: SHB Jesús Sánchez 0-0: Ball
1-0: Called Strike
1-1: Ball
2-1: Ball
3-1: Swinging Strike
3-2: Strikes out swinging
Bottom of the 3rd over - 0 runs, 0 hits, 0 errors, 0 left on base; San Antonio 0 - Richland 0
TOP OF THE 4TH
San Antonio BC batting - Pitching for Richland Rails : LHP Feltse van Horssen
Batting: RHB Chet Mathis 0-0: Fly out, F8 (Flyball, 78D)
Batting: LHB Sidney Dollarhide 0-0: Called Strike
0-1: Ball
1-1: SINGLE (Flyball, 9LS)
Batting: RHB Jesse Francis 0-0: Called Strike
0-1: Ball
1-1: Called Strike
1-2: Foul Ball, location: 2F
1-2: Foul Ball, location: 2F
1-2: Fielders Choice at 2nd, 1-4 (Groundball, 15S)
Pitching: RHP Ramón Aguilera
Batting: LHB Pablo Morales 0-0: Ball
1-0: Called Strike
1-1: Called Strike
1-2: Ball
2-2: Foul Ball, location: 2F
2-2: Ball
3-2: Ground out 6-3 (Groundball, 6M)
Top of the 4th over - 0 runs, 1 hit, 0 errors, 1 left on base; San Antonio 0 - Richland 0
BOTTOM OF THE 4TH
Richland Rails batting - Pitching for San Antonio BC : RHP Jackson Williams
Batting: LHB Júlio Madrid 0-0: Fly out, F8 (Flyball, 8LD)
Batting: RHB Falco Opsteegh 0-0: Ball
1-0: Ball
2-0: SINGLE (Groundball, 56D)
Batting: RHB Carlos Muńóz 0-0: Ball
1-0: Foul Ball, location: 2F
1-1: Fly out, F9 (Flyball, 89M)
Batting: RHB José Vargas 0-0: Called Strike
0-1: Foul Ball, location: 2F
0-2: Ground out 1-3 (Groundball, 13)
Bottom of the 4th over - 0 runs, 1 hit, 0 errors, 1 left on base; San Antonio 0 - Richland 0
TOP OF THE 5TH
San Antonio BC batting - Pitching for Richland Rails : RHP Ramón Aguilera
Batting: RHB Kenneth Noid 0-0: Called Strike
0-1: Swinging Strike
0-2: Ball
1-2: Ball
2-2: Strikes out swinging passed ball, reaches first!
Batting: RHB Tom Bancroft 0-0: Called Strike
0-1: Swinging Strike
0-2: Foul Ball, location: 2F
0-2: Ball
1-2: Ball
2-2: Foul Ball, location: 2F
2-2: Foul Ball, location: 2F
2-2: Foul Ball, location: 2F
2-2: Strikes out swinging
Batting: RHB Mike Howard 0-0: Ball
1-0: Grounds into double play, 5-4-3 (Groundball, 56)
Top of the 5th over - 0 runs, 0 hits, 0 errors, 0 left on base; San Antonio 0 - Richland 0
BOTTOM OF THE 5TH
Richland Rails batting - Pitching for San Antonio BC : RHP Jackson Williams
Batting: LHB Jing-quo Sung 0-0: Ball
1-0: DOUBLE (Flyball, 8LXD)
Batting: RHB Manyara Akintola 0-0: Intentional Walk
Batting: RHB Kelyn Diallo 0-0: Foul Ball, location: 2F
0-1: Ball
1-1: Ball
2-1: Ball
3-1: Base on Balls
Jing-quo Sung to third
Manyara Akintola to second
Batting: SHB Miguel González 0-0: Ball
1-0: Foul Ball, location: 2F
1-1: Ball
2-1: SINGLE (Line Drive, 6MD)
Jing-quo Sung scores
Manyara Akintola to third
Kelyn Diallo to second
Batting: SHB Jesús Sánchez 0-0: Called Strike
0-1: Ball
1-1: Ball
2-1: Grounds into double play, 4-6-3 (Groundball, 4)
Manyara Akintola scores
Kelyn Diallo to third
Batting: LHB Júlio Madrid 0-0: Called Strike
0-1: Ball
1-1: Fly out, F6 (Line Drive, 56)
Bottom of the 5th over - 2 runs, 2 hits, 0 errors, 1 left on base; San Antonio 0 - Richland 2
TOP OF THE 6TH
San Antonio BC batting - Pitching for Richland Rails : RHP Ramón Aguilera
Batting: RHB Silverberry Mouhon 0-0: Ball
1-0: Ball
2-0: Ball
3-0: Called Strike
3-1: Called Strike
3-2: Base on Balls
Batting: RHB José Salinas 0-0: Foul Ball, location: 2F
0-1: Ball
1-1: Ball
2-1: Ball
3-1: Base on Balls
Silverberry Mouhon to second
Batting: RHB Chet Mathis 0-0: Called Strike
0-1: Ball
1-1: Ball
2-1: Foul Ball, location: 2F
2-2: Foul Ball, location: 2F
2-2: SINGLE (Line Drive, 34)
Silverberry Mouhon to third
José Salinas to second
Runner from 3rd tries for Home, SAFE, no throw
Batting: LHB Sidney Dollarhide 0-0: Ball
1-0: Bunted foul
1-1: Sac Bunt - play at third, runner OUT! 3-5
Chet Mathis to second
Batting: RHB Jesse Francis 0-0: SINGLE (Groundball, 3D)
Chet Mathis to third
Sidney Dollarhide to second
Batting: LHB Pablo Morales 0-0: Ball
1-0: Called Strike
1-1: Foul Ball, location: 2F
1-2: Fly out, F7 (Flyball, 7D)
Runner from 3rd tags up, SCORES, throw made
Batting: RHB Kenneth Noid 0-0: Fielders Choice at 2nd, 6-4 (Groundball, 6)
Top of the 6th over - 2 runs, 2 hits, 0 errors, 2 left on base; San Antonio 2 - Richland 2
BOTTOM OF THE 6TH
Richland Rails batting - Pitching for San Antonio BC : RHP Jackson Williams
Batting: RHB Falco Opsteegh 0-0: Ball
1-0: Foul Ball, location: 2F
1-1: Ball
2-1: Called Strike
2-2: Strikes out looking
Batting: RHB Carlos Muńóz 0-0: Ball
1-0: Ground out 6-3 (Groundball, 6)
Batting: RHB José Vargas 0-0: Ball
1-0: Ball
2-0: Called Strike
2-1: Ball
3-1: Foul Ball, location: 2F
3-2: Ground out 6-3 (Groundball, 6)
Bottom of the 6th over - 0 runs, 0 hits, 0 errors, 0 left on base; San Antonio 2 - Richland 2
TOP OF THE 7TH
San Antonio BC batting - Pitching for Richland Rails : RHP Ramón Aguilera
Batting: RHB Tom Bancroft 0-0: Ball
1-0: Called Strike
1-1: Fly out, F8 (Flyball, 8RM)
Batting: RHB Mike Howard 0-0: Ball
1-0: Ball
2-0: Called Strike
2-1: Swinging Strike
2-2: Strikes out swinging
Pitching: RHP Jim Perry
Batting: RHB Silverberry Mouhon 0-0: Ball
1-0: Foul Ball, location: 2F
1-1: Swinging Strike
1-2: Strikes out looking
Top of the 7th over - 0 runs, 0 hits, 0 errors, 0 left on base; San Antonio 2 - Richland 2
BOTTOM OF THE 7TH
Richland Rails batting - Pitching for San Antonio BC : RHP Jackson Williams
Batting: LHB Jing-quo Sung 0-0: Ground out 4-3 (Groundball, 4)
Batting: RHB Manyara Akintola 0-0: Called Strike
0-1: Ball
1-1: Fly out, F3 (Popup, 3SF)
Batting: RHB Kelyn Diallo 0-0: Foul Ball, location: 2F
0-1: Ground out 6-3 (Groundball, 6)
Bottom of the 7th over - 0 runs, 0 hits, 0 errors, 0 left on base; San Antonio 2 - Richland 2
TOP OF THE 8TH
San Antonio BC batting - Pitching for Richland Rails : RHP Jim Perry
Batting: RHB José Salinas 0-0: Ball
1-0: Foul Ball, location: 2F
1-1: Called Strike
1-2: Ball
2-2: Strikes out swinging
Batting: RHB Chet Mathis 0-0: Ball
1-0: DOUBLE (Line Drive, 78D)
Batting: LHB Sidney Dollarhide 0-0: Intentional Walk
Pinch Runner at 2nd Tom Chagolla:
Batting: RHB Jesse Francis 0-0: SINGLE (Groundball, 34D)
Tom Chagolla to third
Sidney Dollarhide to second
Batting: LHB Pablo Morales 0-0: Swinging Strike
0-1: Called Strike
0-2: Strikes out swinging
Batting: RHB Kenneth Noid 0-0: Ball
1-0: Called Strike
1-1: Swinging Strike
1-2: Ball
2-2: Strikes out swinging
Top of the 8th over - 0 runs, 2 hits, 0 errors, 3 left on base; San Antonio 2 - Richland 2
BOTTOM OF THE 8TH
Richland Rails batting - Pitching for San Antonio BC : RHP Jackson Williams
Now at 1B: Tom Chagolla
Pinch Hitting: RHB Hsui-chuan Hong 0-0: Ball
1-0: Ground out 6-3 (Groundball, 6)
Pinch Hitting: RHB Corey Hines 0-0: Ball
1-0: Ground out 3-1 (Groundball, 34S)
Batting: LHB Júlio Madrid 0-0: Called Strike
0-1: Ball
1-1: Foul Ball, location: 2F
1-2: Strikes out swinging
Bottom of the 8th over - 0 runs, 0 hits, 0 errors, 0 left on base; San Antonio 2 - Richland 2
TOP OF THE 9TH
San Antonio BC batting - Pitching for Richland Rails : RHP Jim Perry
Pitching: RHP Davis Sawyer
Now at 3B: Hsui-chuan Hong
Batting: RHB Tom Bancroft 0-0: Called Strike
Now at 3B: Corey Hines 0-1: Ball
1-1: Ball
2-1: Fly out, F4 (Popup, 4M)
Batting: RHB Mike Howard 0-0: Ground out 4-3 (Groundball, 4)
Batting: RHB Silverberry Mouhon 0-0: Called Strike
0-1: Called Strike
0-2: Strikes out looking
Top of the 9th over - 0 runs, 0 hits, 0 errors, 0 left on base; San Antonio 2 - Richland 2
BOTTOM OF THE 9TH
Richland Rails batting - Pitching for San Antonio BC : RHP Jackson Williams
Pitching: RHP Shadi Zafar
Batting: RHB Falco Opsteegh 0-0: Ball
1-0: Foul Ball, location: 2F
1-1: Swinging Strike
1-2: Ball
2-2: Ball
3-2: Foul Ball, location: 2F
3-2: Hit by Pitch
Batting: RHB Carlos Muńóz 0-0: Called Strike
0-1: Foul Ball, location: 2F
0-2: Hit by Pitch
Falco Opsteegh to second
Batting: RHB José Vargas 0-0: Fly out, F6 (Popup, 6M)
Batting: LHB Jing-quo Sung 0-0: Ball
1-0: Fly out, F3 (Line Drive, 34)
Lined into DP, U3 (Line Drive, 34)
Bottom of the 9th over - 0 runs, 0 hits, 0 errors, 1 left on base; San Antonio 2 - Richland 2
TOP OF THE 10TH
San Antonio BC batting - Pitching for Richland Rails : RHP Davis Sawyer
Batting: RHB José Salinas 0-0: Ball
1-0: Ball
2-0: Called Strike
2-1: Ball
3-1: Swinging Strike
3-2: Strikes out looking
Batting: SHB Tom Chagolla 0-0: Swinging Strike
0-1: Called Strike
0-2: Ball
1-2: Foul Ball, location: 2F
1-2: Ground out 5-3 (Groundball, 5)
Batting: LHB Sidney Dollarhide 0-0: Ball
1-0: Ball
2-0: Foul Ball, location: 2F
2-1: SINGLE (Line Drive, 4D)
Batting: RHB Jesse Francis 0-0: Called Strike
Sidney Dollarhide steals 2nd base
0-1: Ball
1-1: DOUBLE (Flyball, 8RXD)
Sidney Dollarhide scores
Batting: LHB Pablo Morales 0-0: Swinging Strike
0-1: Called Strike
0-2: Ball
1-2: Foul Ball, location: 2F
1-2: SINGLE (Line Drive, 3)
Jesse Francis to third
Batting: RHB Kenneth Noid 0-0: Called Strike
0-1: Foul Ball, location: 2F
0-2: Ball
1-2: Foul Ball, location: 2F
1-2: Strikes out swinging
Top of the 10th over - 1 run, 3 hits, 0 errors, 2 left on base; San Antonio 3 - Richland 2
BOTTOM OF THE 10TH
Richland Rails batting - Pitching for San Antonio BC : RHP Shadi Zafar
Now at 2B: Peter Ough
Batting: RHB Manyara Akintola 0-0: Ball
1-0: Ball
2-0: Ball
3-0: Called Strike
3-1: Base on Balls
Batting: RHB Kelyn Diallo 0-0: Called Strike
0-1: SINGLE (Flyball, 89S)
Manyara Akintola to second
Runner from 2nd tries for 3rd, SAFE, no throw
Batting: RHB Hsui-chuan Hong 0-0: Ball
1-0: Reached on error, E4 (Groundball, 34S)
Manyara Akintola scores
Kelyn Diallo to second
Batting: RHB Corey Hines 0-0: Called Strike
0-1: Bunt missed!
0-2: Ball
1-2: Foul Ball, location: 2F
1-2: Foul Ball, location: 2F
1-2: Ball
2-2: Ground out 3-1 (Groundball, 34S)
Kelyn Diallo to third
Hsui-chuan Hong to second
Batting: LHB Júlio Madrid 0-0: Intentional Walk
Batting: RHB Falco Opsteegh 0-0: Called Strike
0-1: Ball
1-1: Foul Ball, location: 2F
1-2: Ball
2-2: Ball
3-2: Strikes out swinging
Batting: RHB Carlos Muńóz 0-0: Ball
1-0: Ball
2-0: Fly out, F6 (Popup, 6)
Bottom of the 10th over - 1 run, 1 hit, 1 error, 3 left on base; San Antonio 3 - Richland 3
TOP OF THE 11TH
San Antonio BC batting - Pitching for Richland Rails : RHP Davis Sawyer
Pitching: RHP Carlton Roberts
Pinch Hitting: RHB Dixon Snyder 0-0: Ball
1-0: Ball
2-0: Ball
3-0: Called Strike
3-1: Foul Ball, location: 2F
3-2: Fly out, F9 (Flyball, 89M)
Batting: RHB Mike Howard 0-0: Ball
1-0: Ball
2-0: Called Strike
2-1: Ball
3-1: Base on Balls
Batting: RHB Silverberry Mouhon 0-0: Called Strike
0-1: Ball
Wild Pitch!
Mike Howard to second
1-1: Ball
2-1: Ground out 4-3 (Groundball, 4)
Mike Howard to third
Batting: RHB José Salinas 0-0: Foul Ball, location: 2F
0-1: Ground out 5-3 (Groundball, 56)
Top of the 11th over - 0 runs, 0 hits, 0 errors, 1 left on base; San Antonio 3 - Richland 3
BOTTOM OF THE 11TH
Richland Rails batting - Pitching for San Antonio BC : RHP Shadi Zafar
Pitching: RHP Salvador Villegas
Now at 2B: Tong-sik Im
Batting: RHB José Vargas 0-0: Fly out, F9 (Line Drive, 89S)
Batting: LHB Jing-quo Sung 0-0: Called Strike
0-1: Called Strike
0-2: Ball
1-2: Strikes out looking
Batting: RHB Manyara Akintola 0-0: Ball
1-0: Ball
2-0: Called Strike
2-1: Fly out, F8 (Flyball, 8LXD)
Bottom of the 11th over - 0 runs, 0 hits, 0 errors, 0 left on base; San Antonio 3 - Richland 3
TOP OF THE 12TH
San Antonio BC batting - Pitching for Richland Rails : RHP Carlton Roberts
Batting: SHB Tom Chagolla 0-0: Ball
1-0: Foul Ball, location: 2F
1-1: Called Strike
1-2: Strikes out looking
Batting: LHB Sidney Dollarhide 0-0: Foul Ball, location: 2F
0-1: Ball
1-1: Called Strike
1-2: Ball
2-2: Foul Ball, location: 2F
2-2: Ground out 4-3 (Groundball, 34D)
Batting: RHB Jesse Francis 0-0: Ball
1-0: Foul Ball, location: 2F
1-1: Swinging Strike
1-2: Ball
2-2: Foul Ball, location: 2F
2-2: Strikes out looking
Top of the 12th over - 0 runs, 0 hits, 0 errors, 0 left on base; San Antonio 3 - Richland 3
BOTTOM OF THE 12TH
Richland Rails batting - Pitching for San Antonio BC : RHP Salvador Villegas
Batting: RHB Kelyn Diallo 0-0: Swinging Strike
0-1: SINGLE (Line Drive, 4M)
Batting: RHB Hsui-chuan Hong 0-0: Ball
1-0: Sac Bunt - play at first, batter OUT! 1-4
Kelyn Diallo to second
Batting: RHB Corey Hines 0-0: Called Strike
0-1: Swinging Strike
0-2: Foul Ball, location: 2F
0-2: Strikes out swinging
Batting: LHB Júlio Madrid 0-0: Fly out, F5 (Line Drive, 56)
Bottom of the 12th over - 0 runs, 1 hit, 0 errors, 1 left on base; San Antonio 3 - Richland 3
TOP OF THE 13TH
San Antonio BC batting - Pitching for Richland Rails : RHP Carlton Roberts
Pitching: RHP Luis Pérez
Batting: LHB Pablo Morales 0-0: Ball
1-0: Ball
2-0: Foul Ball, location: 2F
2-1: Ground out U3 (Groundball, 3)
Batting: RHB Kenneth Noid 0-0: Foul Ball, location: 2F
0-1: Foul Ball, location: 2F
0-2: Ground out U3 (Groundball, 3)
Batting: RHB Tong-sik Im 0-0: SINGLE (Groundball, 6D)
Batting: RHB Mike Howard 0-0: DOUBLE (Line Drive, 78D)
Tong-sik Im to third
Runner from 3rd tries for Home, SAFE, no throw
Batting: RHB Silverberry Mouhon 0-0: Ball
1-0: Ball
2-0: Ball
3-0: Base on Balls
Batting: RHB José Salinas 0-0: Called Strike
0-1: Ball
1-1: Ball
2-1: Ball
3-1: Base on Balls
Mike Howard to third
Silverberry Mouhon to second
Batting: SHB Tom Chagolla 0-0: Called Strike
0-1: Ball
1-1: SINGLE (Line Drive, 4MD)
Mike Howard scores
Silverberry Mouhon to third
José Salinas to second
Runner from 3rd tries for Home, SAFE, no throw
Batting: LHB Sidney Dollarhide 0-0: Ball
1-0: Ball
2-0: Foul Ball, location: 2F
2-1: Ball
3-1: Base on Balls
José Salinas to third
Tom Chagolla to second
Batting: RHB Jesse Francis 0-0: Ball
1-0: GRAND SLAM HOME RUN (Flyball, 7LD), Distance : 334 ft
Batting: LHB Pablo Morales 0-0: Ball
1-0: Ball
2-0: Ball
3-0: Called Strike
3-1: Foul Ball, location: 2F
3-2: Ground out 5-3 (Groundball, 5)
Top of the 13th over - 7 runs, 4 hits, 0 errors, 0 left on base; San Antonio 10 - Richland 3
BOTTOM OF THE 13TH
Richland Rails batting - Pitching for San Antonio BC : RHP Salvador Villegas
Batting: RHB Falco Opsteegh 0-0: Called Strike
0-1: Called Strike
0-2: Ball
1-2: SINGLE (Groundball, 4MD)
Batting: RHB Carlos Muńóz 0-0: Called Strike
0-1: Grounds into double play, 5-4-3 (Groundball, 56)
Batting: RHB José Vargas 0-0: Swinging Strike
0-1: Fly out, F9 (Flyball, 9S)
Bottom of the 13th over - 0 runs, 1 hit, 0 errors, 0 left on base; San Antonio 10 - Richland 3
Friday, March 29th, 2019 - OOTP Baseball 18.8 Build 76